 Dungeon Crawl Stone Soup version 0.30-a0-571-gdf30a72648 (webtiles) character file.

Game seed: 14726134988918236309

10289 Newt the Slicer (level 11, 0/77 HPs)
             Began as a Demonspawn Gladiator on Dec 29, 2022.
             Was an Elder of Dithmenos.
             Slain by a skeletal warrior
             ... wielding a +0 flail
              (17 damage)
             ... on level 11 of the Dungeon.
             The game lasted 00:19:20 (13647 turns).

Newt the Slicer (Demonspawn Gladiator)             Turns: 13647, Time: 00:19:21

Health: 0/77       AC: 16    Str: 15    XL:     11   Next: 34%
Magic:  11/11      EV: 16    Int: 14    God:    Dithmenos [****..]
Gold:   474        SH:  5    Dex: 18    Spells: 10/10 levels left

rFire   . . .      SeeInvis .    b - +8 long sword of Logrygos {vamp, rN+ Int+4}
rCold   . . .      Faith    .    A - +0 buckler
rNeg    + + .      Spirit   .    d - +0 steam dragon scales
rPois   .          Reflect  .    (helmet restricted)
rElec   .          Harm     .    O - +2 cloak {Will+}
rCorr   .          Rampage  .    (no gloves)
Will    +....                    L - +0 pair of boots
Stlth   +++++++                  Q - amulet of the acrobat
HPRegen 0.32/turn                I - +4 ring of protection
MPRegen 0.12/turn                V - ring of positive energy

@: wreathed by umbra, studying Short Blades
A: antennae 2, molten scales 1, demonic guardian 2, demonic magic 1
a: Renounce Religion, Shadow Step


You were on level 11 of the Dungeon.
You worshipped Dithmenos.
Dithmenos was greatly pleased with you.
You visited 2 branches of the dungeon, and saw 12 of its levels.

You collected 590 gold pieces.
You spent 116 gold pieces at shops.

Inventory:

Hand Weapons
 a - a +4 short sword of freezing
 b - the +8 long sword of Logrygos (weapon) {vamp, rN+ Int+4}
   (You found it on level 9 of the Dungeon)

   It occasionally heals its wielder for a portion of the damage dealt when it
   wounds a living foe.
   Int:       It affects your intelligence (+4).
   rN:        It protects you from negative energy.
 e - a +0 rapier
 j - a +0 dagger of venom
 n - a +2 short sword of protection
 u - a +2 dagger of venom
 R - a +0 club
Missiles
 r - 57 poisoned darts (quivered)
 F - 11 javelins
 N - 2 curare-tipped darts
Armour
 c - a +0 helmet
 d - +0 steam dragon scales (worn)
 x - a +0 leather armour
 A - a +0 buckler (worn)
 B - a +2 cloak
 L - a +0 pair of boots (worn)
 O - a +2 cloak of willpower (worn)
Jewellery
 o - a ring of ice
 I - a +4 ring of protection (left hand)
 Q - an amulet of the acrobat (around neck)
 V - a ring of positive energy (right hand)
Wands
 w - a wand of mindburst (8)
 S - a wand of flame (5)
 X - a wand of paralysis (3)
Scrolls
 i - a scroll of noise
 q - a scroll of magic mapping {unknown}
 y - a scroll of fog
 C - 2 scrolls of poison {unknown}
 D - a scroll of brand weapon
 H - 3 scrolls of enchant weapon {unknown}
 M - a scroll of amnesia
 P - a scroll of enchant armour {unknown}
 U - 2 scrolls of immolation {unknown}
Potions
 f - a potion of lignification
 g - 9 potions of curing
 h - 5 potions of haste
 l - a potion of berserk rage
 m - 4 potions of attraction
 p - 3 potions of might
 s - 2 potions of brilliance
 t - a potion of ambrosia
 v - a potion of heal wounds
 z - 2 potions of cancellation
 E - a potion of invisibility
 G - 2 potions of magic
 K - 2 potions of mutation
Miscellaneous
 W - a tin of tremorstones (2/2)


   Skills:
 - Level 4.0 Fighting
 + Level 11.8 Short Blades
 - Level 1.7 Throwing
 - Level 4.0 Armour
 - Level 8.0 Dodging
 - Level 10.0 Stealth
 - Level 4.0 Shields
 - Level 5.0 Evocations


You had 10 spell levels left.
You didn't know any spells.
Your spell library contained the following spells:

 Spells                   Type           Power      Damage    Failure   Level
 Freeze                   Ice            0%         1d3       36%         1
 Magic Dart               Conj           0%         1d3       36%         1
 Shock                    Conj/Air       0%         1d3       36%         1
 Searing Ray              Conj           0%         2d4       50%         2
 Call Canine Familiar     Summ           0%         N/A       73%         3
 Frozen Ramparts          Ice            0%         1d1       73%         3
 Hailstorm                Conj/Ice       0%         3d3       73%         3
 Inner Flame              Hex/Fire       0%         N/A       73%         3
 Portal Projectile        Hex/Tloc       0%         N/A       73%         3
 Stone Arrow              Conj/Erth      0%         3d7       73%         3
 Swiftness                Air            0%         N/A       73%         3
 Tukima's Dance           Hex            0%         N/A       73%         3
 Airstrike                Air            0%         2d(0-16)  98%         4
 Animate Armour           Summ/Erth      0%         N/A       98%         4
 Cause Fear               Hex            0%         N/A       98%         4
 Fulminant Prism          Conj/Hex       0%         3d5       98%         4
 Leda's Liquefaction      Hex/Erth       0%         N/A       98%         4
 Blade Hands              Tmut           0%         N/A       100%        5
 Summon Forest            Summ/Tloc      0%         N/A       100%        5
 Summon Mana Viper        Hex/Summ       0%         N/A       100%        5
 Summon Cactus Giant      Summ           0%         N/A       100%        6
 Discord                  Hex            0%         N/A       100%        8
 Lehudib's Crystal Spear  Conj/Erth      0%         10d2      100%        8


Dungeon Overview and Level Annotations

Branches:
Dungeon (11/15)            Temple (1/1) D:4            Lair (0/5) D:11
    Orc: D:9-12

Altars:
Ashenzari
Cheibriados
Dithmenos
Fedhas
Gozag
Hepliaklqana
Kikubaaqudgha
Makhleb
Nemelex Xobeh
Okawaru
Qazlal
Ru
Sif Muna
Trog
Uskayaw
Vehumet
Wu Jian
Xom
Yredelemnul

Shops:
D:3 !   D:5 *


Innate Abilities, Weirdness & Mutations

You have a pair of antennae on your head.
You are partially covered in molten scales. (AC +2)
A demonic guardian rushes to your aid.
Spells you cast may paralyse adjacent enemies.


Message History

The skeletal warrior is severely damaged.
You block the skeletal warrior's attack.
Throw: throwing net
Press: ? - help, Shift-Dir - straight line, f/p - skeletal warrior
Aim: a skeletal warrior, wielding a +0 flail (severely damaged, umbra, 63% to hit)
You throw a throwing net.
The throwing net hits the skeletal warrior.
The skeletal warrior is caught in the net!
The skeletal warrior is severely damaged.
The skeletal warrior struggles against the net.
You catch the helpless skeletal warrior completely off-guard!
You hit the skeletal warrior but do no damage.
The skeletal warrior is heavily damaged.
The skeletal warrior struggles against the net.
You hit the skeletal warrior but do no damage.
The skeletal warrior is heavily damaged.
The skeletal warrior struggles against the net.
You hit the skeletal warrior.
The skeletal warrior is severely damaged.
The skeletal warrior struggles against the net.
You barely miss the skeletal warrior.
The skeletal warrior is severely damaged.
Your shadow hits the skeletal warrior with a long sword.
The skeletal warrior struggles against the net.
You catch the helpless skeletal warrior completely off-guard!
You hit the skeletal warrior but do no damage.
The skeletal warrior is severely damaged.
The skeletal warrior struggles against the net.
The net rips apart, and the skeletal warrior comes free!
You hit the skeletal warrior.
The skeletal warrior is severely damaged.
The skeletal warrior hits you with a +0 flail!
* * * LOW HITPOINT WARNING * * *
You hit the skeletal warrior.
The skeletal warrior is almost destroyed.
The skeletal warrior hits you but does no damage.
You barely miss the skeletal warrior.
The skeletal warrior is almost destroyed.
The skeletal warrior hits you with a +0 flail!
You die...

.†....#.###.....######..
......#.# #............#
......'.# #.....########
......### ####.## . ......# #..#
... .. #'##### #.## #.####. ..#
#.# ##...P.#.. .##
####.#######.....z.... .#
#......@zz#...........# ######
#......##........♣..... ...<.#
#......###...P....S..PY# .....#
#.................P..... .....###
#......#...............h ........
#......##.......>.P.....
.....##.........##.........P...P.
.....# ##...............♣....P..
.....# #......###........P....#


You could see 2 skeletal warriors.

Vanquished Creatures
  A two-headed ogre (D:11)
  Urug (D:10)
  Maggie (D:6)
  A komodo dragon (D:10)
  A troll (D:8)
  Grinder (D:4)
  3 wyverns
  14 yaks
  A shadow (D:10)
  Eustachio (D:6)
  2 steam dragons (D:8)
  Menkaure (D:7)
  5 water moccasins
  3 orc warriors
  3 ice beasts
  2 black bears (D:8)
  2 ogres
  3 centaurs (D:8)
  3 phantoms
  5 kobold brigands
  2 bullfrogs
  A scorpion (D:5)
  3 gnoll sergeants
  11 wights
  6 howler monkeys
  4 orc priests
  A hound (D:5)
  3 jellies
  Crazy Yiuf (D:7)
  A gnoll bouda (D:7)
  Ijyb (D:4)
  6 iguanas
  4 orc wizards
  Robin (D:2)
  12 gnolls
  6 adders
  3 white imps
  4 ufetubi
  21 orcs
  4 ball pythons
  3 endoplasms
  A giant cockroach (D:4)
  12 goblins
  8 hobgoblins
  5 jackals
  2 quokkas
  2 bats
  5 frilled lizards
  16 kobolds
  5 rats
208 creatures vanquished.

Vanquished Creatures (collateral kills)
  4 yaks
  A centaur (D:7)
  A scorpion (D:7)
  3 wights
  A jelly (D:4)
  A gnoll (D:7)
  An adder (D:3)
  4 orcs
  A bat (D:3)
  A hobgoblin (D:2)
  A frilled lizard (D:6)
  A kobold (D:7)
20 creatures vanquished.

Vanquished Creatures (others)
  A bush (D:11)
  3 fungi (D:11)
  20 plants (D:11)
24 creatures vanquished.

Grand Total: 252 creatures vanquished

Notes
Turn   | Place    | Note
-------+----------+-------------------------------------------
     0 | D:1      | Newt the Demonspawn Gladiator began the quest for the Orb.
     0 | D:1      | Reached XP level 1. HP: 16/16 MP: 1/1
   131 | D:1      | Reached skill level 1 in Stealth
   380 | D:1      | Gained mutation: You have a pair of small antennae on your
                  | head. [demonic ancestry]
   380 | D:1      | Reached XP level 2. HP: 22/22 MP: 2/2
   750 | D:2      | Identified a scroll of acquirement
   750 | D:2      | Acquired a manual of Short Blades
   957 | D:2      | Gained mutation: A weak demonic guardian rushes to your
                  | aid. [demonic ancestry]
   957 | D:2      | Reached XP level 3. HP: 27/27 MP: 3/3
  1171 | D:2      | Noticed Robin
  1191 | D:2      | Reached skill level 3 in Short Blades
  1198 | D:2      | Killed Robin
  1719 | D:3      | Gained mutation: You have a pair of antennae on your head.
                  | [demonic ancestry]
  1719 | D:3      | Reached XP level 4. HP: 13/33 MP: 4/4
  1722 | D:3      | Reached skill level 4 in Short Blades
  1917 | D:3      | Found a faded altar of an unknown god.
  1920 | D:3      | Found Zeupn's Distillery.
  1944 | D:3      | Bought a potion of heal wounds for 65 gold pieces
  1944 | D:3      | Bought a potion of curing for 39 gold pieces
  2474 | D:4      | Found a staircase to the Ecumenical Temple.
  2500 | D:4      | Noticed Grinder
  2503 | Temple   | Entered the Ecumenical Temple
  2713 | Temple   | Became a worshipper of Dithmenos the Shadowed
  2732 | D:4      | Paralysed by Grinder for 5 turns
  2744 | D:4      | Paralysed by Grinder for 3 turns
  2750 | D:4      | Killed Grinder
  2751 | D:4      | Reached skill level 6 in Short Blades
  2751 | D:4      | Reached XP level 5. HP: 34/38 MP: 5/5
  2751 | D:4      | Gained mutation: You are partially covered in molten
                  | scales. (AC +2) [demonic ancestry]
  2751 | D:4      | Reached XP level 6. HP: 39/44 MP: 6/6
  3892 | D:4      | Noticed Ijyb
  3907 | D:4      | Killed Ijyb
  3908 | D:4      | Reached skill level 5 in Stealth
  4064 | D:4      | Reached XP level 7. HP: 50/50 MP: 7/7
  4445 | D:5      | Entered Level 5 of the Dungeon
  5761 | D:5      | Reached * piety under Dithmenos
  6134 | D:5      | Found Utzajoid's CLEARANCE SALE!.
  6141 | D:5      | Bought a scroll of identify for 12 gold pieces
  6266 | D:5      | Reached skill level 7 in Short Blades
  6266 | D:5      | Gained mutation: A demonic guardian rushes to your aid.
                  | [demonic ancestry]
  6266 | D:5      | Reached XP level 8. HP: 49/60 MP: 8/8
  6472 | D:6      | Found a hide-covered altar of Uskayaw.
  6580 | D:6      | Reached skill level 8 in Short Blades
  6761 | D:6      | Noticed Eustachio
  6783 | D:6      | Killed Eustachio
  6784 | D:6      | Reached skill level 9 in Short Blades
  6823 | D:6      | Reached skill level 10 in Short Blades
  6828 | D:6      | Reached skill level 1 in Evocations
  6960 | D:6      | Found a hazy altar of Hepliaklqana.
  6961 | D:6      | Found a shimmering altar of Xom.
  6962 | D:6      | Noticed a spectral ugly thing
  7477 | D:6      | Found a sacrificial altar of Ru.
  7542 | D:6      | Found a broken altar of Ashenzari.
  7794 | D:6      | Noticed Maggie
  7849 | D:6      | Killed Maggie
  7850 | D:6      | Reached skill level 5 in Evocations
  7850 | D:6      | Reached XP level 9. HP: 10/65 MP: 9/9
  8144 | D:6      | Found a stormy altar of Qazlal.
  8649 | D:7      | Reached ** piety under Dithmenos
  8674 | D:7      | Reached skill level 1 in Armour
  8945 | D:7      | Found a runed translucent door.
  8946 | D:7      | Noticed Crazy Yiuf
  8984 | D:7      | Found a bloodstained altar of Trog.
  8995 | D:7      | Found an ornate altar of the Wu Jian Council.
  8995 | D:7      | Found an opulent altar of Gozag.
  9002 | D:7      | Found a blossoming altar of Fedhas.
  9272 | D:7      | Noticed Menkaure
  9275 | D:7      | Killed Menkaure
  9967 | D:7      | Killed Crazy Yiuf
 10292 | D:8      | Gained mutation: Spells you cast may paralyse adjacent
                  | enemies. [demonic ancestry]
 10292 | D:8      | Reached XP level 10. HP: 22/71 MP: 10/10
 10795 | D:8      | Reached *** piety under Dithmenos
 10906 | D:8      | Reached skill level 10 in Stealth
 11604 | D:9      | Identified the +8 long sword of Logrygos {vamp, rN+ Int+4}
 11717 | D:9      | Reached skill level 5 in Dodging
 12198 | D:10     | Entered Level 10 of the Dungeon
 12388 | D:10     | Reached XP level 11. HP: 72/77 MP: 11/11
 12598 | D:10     | Noticed Urug
 12606 | D:10     | Killed Urug
 12852 | D:11     | Reached **** piety under Dithmenos
 13032 | D:11     | Found a staircase to the Lair.
 13074 | D:11     | Noticed a skeletal warrior
 13075 | D:11     | Noticed a skeletal warrior
 13077 | D:11     | Noticed a skeletal warrior
 13078 | D:11     | Noticed a skeletal warrior
 13089 | D:11     | Reached skill level 11 in Short Blades
 13097 | D:11     | Noticed a skeletal warrior
 13495 | D:11     | Noticed a two-headed ogre
 13502 | D:11     | Killed a two-headed ogre
 13647 | D:11     | Slain by a skeletal warrior

Illustrated notes

Levels and vault maps discovered:
D:1:      minmay_arrival_loop, layout_basic, serial_rivers,
          chequers_serial_rivers_small_3, chequers_serial_rivers_micro_a,
          chequers_serial_rivers_micro_d, chequers_serial_rivers_micro_e,
          chequers_serial_rivers_large_a, chequers_serial_rivers_room_b
D:2:      layout_basic, uniq_robin
D:3:      layout_basic, ebering_ecumenical_altar_petrified, serial_shops, shop,
          guppyfry_early_lair_pool
D:4:      layout_loops_ring, minmay_temple_entry_gardened_gates, uniq_ijyb,
          uniq_grinder
D:5:      layout_basic, nicolae_shop_clearance
D:6:      layout_basic, regret_index_temple_of_mockery,
          nicolae_ru_great_annihilating_truth, cheibrodos_ashenzari_chains,
          nicolae_qazlal_scattered_showers, eat_drink_and_be_merry_uskayaw,
          supply_closet_lemuel, uniq_eustachio, uniq_maggie
D:7:      layout_gridville, nicolae_overflow_hallway_of_the_gods,
          minmay_misc_feat_encased, hangedman_abyss_or_decor_stagger,
          minmay_liquid_box, uniq_crazy_yiuf_cottage, uniq_menkaure
D:8:      minmay_thinvault, layout_rooms
D:9:      layout_basic, reono_crystal_passage, statue_in_the_mist_lemuel,
          hangedman_corner_corridor
D:10:     layout_irregular_city, uniq_urug
D:11:     layout_roguey, minmay_lair_entry_grove
Temple:   jpeg_temple_clearing

Skill      XL: |  1  2  3  4  5  6  7  8  9 10 11 |
---------------+----------------------------------+-----
Stealth        | 1 2 3 5 6 7 10 | 10.0
Short Blades   | 3 6 7 10 11 | 11.8
Dodging        | 4 7 8 |  8.0
Fighting       | 4 |  4.0
Evocations     | 5 |  5.0
Shields        | 2 4 |  4.0
Armour         | 4 |  4.0
Throwing       | |  1.7

Action                   |  1- 3 |  4- 6 |  7- 9 | 10-12 || total
-------------------------+-------+-------+-------+-------++-------
Melee: Rapier            |    61 |       |       |       ||    61
       Dagger            |    51 |    98 |   429 |   112 ||   690
       Punch             |       |     2 |     1 |       ||     3
       Short sword       |       |       |   162 |    51 ||   213
       Long sword        |       |       |       |   120 ||   120
Throw: Throwing net      |     1 |     2 |     3 |     2 ||     8
       Dart              |       |     2 |       |       ||     2
       Javelin           |       |       |     3 |     1 ||     4
  Use: Scroll            |     4 |       |     5 |     7 ||    16
       Potion            |       |     1 |     3 |     1 ||     5
 Stab: Sleeping          |     3 |     2 |    10 |    26 ||    41
       Distracted        |     1 |       |     1 |       ||     2
       Held in net/web   |       |     2 |       |     3 ||     5
Armor: Leather armour    |    17 |    15 |    41 |       ||    73
       Steam dragon scal |       |       |    39 |    52 ||    91
Dodge: Dodged            |    57 |    43 |   234 |   163 ||   497
Block: Buckler           |       |       |    80 |    46 ||   126

Table legend: (Time is in decaauts)
 A = Elapsed time spent in this place.
 B = Non-inter-level travel time spent in this place.
 C = Inter-level travel time spent in this place.
 D = Time resting spent in this place.
 E = Time spent auto-exploring this place.
 F = Levels seen in this place.
 G = Mean time per level.
                   A        B        C        D        E       F      G
               +--------+--------+--------+--------+--------+-----+--------+
         Total |  13326 |  12891 |    435 |   4411 |   6505 |  12 | 1110.5 |
       Dungeon |  13099 |  12680 |    419 |   4287 |   6434 |  11 | 1190.8 |
        Temple |    226 |    210 |     16 |    124 |     71 |   1 |  226.0 |
               +--------+--------+--------+--------+--------+-----+--------+

Top non-repeatable levels by time:
     D:4: 2036 daAuts
     D:7: 1760 daAuts
     D:6: 1742 daAuts
     D:5: 1682 daAuts
     D:8: 1307 daAuts
     D:2: 922 daAuts
    D:11: 863 daAuts
     D:3: 793 daAuts
     D:1: 767 daAuts
     D:9: 641 daAuts
    D:10: 582 daAuts
  Temple: 226 daAuts
